 Dungeon Sprint DCSS version 0.26-a0-1026-g544776af23 (webtiles) character file.

Game seed: 17634729496560903745

12527 sahdkjhfkaj the Blasphemer (level 11, -32/162 HPs)
             Began as a Hill Orc Monk on Dec 9, 2020.
             Was an Elder of Zin (penitent).
             Annihilated by a reaper
             ... wielding a +4 scythe of freezing
              (34 damage)
             ... in the Dungeon (Sprint V: "Ziggurat Sprint").
             The game lasted 00:02:38 (1317 turns).

sahdkjhfkaj the Blasphemer (Hill Orc Monk)          Turns: 1317, Time: 00:02:38

Health: -32/162    AC: 22    Str: 30    XL:     11   Next: 94%
Magic:  17/23      EV:  4    Int: 10    God:    Zin [*]
Gold:   0          SH: 32    Dex: 13    Spells: 10/10 levels left

rFire    . . .     SeeInvis .   b - +7 Screaming Sword {vorpal, sonic wave}
rCold    . . .     Faith    .   F - +18 shield of the Gong {rElec rN+ Will+ EV-5}
rNeg     + . .     Spirit   .   E - +15 Maxwell's patent armour {-Cast -Tele rElec Will+ rCorr}
rPois    .         Reflect  .   (no helmet)
rElec    +         Harm     .   (no cloak)
rCorr    +         Rampage  .   (no gloves)
Will     ++...     NoTele   +   (no boots) Stlth ..........NoCast +
                                (no amulet)
HPRegen  0.00/turn              z - +6 ring of strength
MPRegen  0.18/turn              y - +6 ring of strength

@: berserking, lethally poisoned (-32 -> -56), corroded, hasted and slowed
A: inhibited regeneration
a: Donate Gold, Renounce Religion


You were in the Dungeon.
You worshipped Zin.
Zin was demanding penance.
You visited 1 branch

Inventory:

Hand Weapons
 b - the +7 Screaming Sword (weapon) {vorpal, sonic wave}
   (You found it in the Dungeon)

   It inflicts extra damage upon your enemies.
Armour
 E - the +15 Maxwell's patent armour (worn) {-Cast -Tele rElec Will+ rCorr}
   (You found it in the Dungeon)

   It insulates you from electricity.
   It affects your willpower, your defense against some magical effects.
   It prevents spellcasting.
   It prevents most forms of teleportation.
   It provides partial protection from all sources of acid and corrosion.
 F - the +18 shield of the Gong (worn) {rElec rN+ Will+ EV-5}
   (You found it in the Dungeon)

   It affects your evasion (-5).
   It insulates you from electricity.
   It protects you from negative energy.
   It affects your willpower, your defense against some magical effects.
Jewellery
 t - an uncursed ring of flight
 u - a +6 ring of dexterity
 v - a +6 ring of dexterity
 w - a +6 ring of intelligence
 x - a +6 ring of intelligence
 y - a +6 ring of strength (right hand)
 z - a +6 ring of strength (left hand)
Wands
 A - a wand of disintegration (7)
 B - a wand of iceblast (7)
 C - a wand of acid (7)
Scrolls
 h - 4 scrolls of blinking
 n - 4 scrolls of amnesia
 o - 7 scrolls of fog
 p - a scroll of holy word
 q - 5 scrolls of identify
 r - 5 scrolls of remove curse
 s - 2 scrolls of fear
Potions
 c - 10 potions of curing
 d - 8 potions of heal wounds
 e - 8 potions of haste
 f - 7 potions of magic
 g - 2 potions of berserk rage
 i - 2 potions of brilliance
 j - a potion of invisibility
 k - 3 potions of resistance
 m - 4 potions of might
Miscellaneous
 D - a lightning rod (4/4)


   Skills:
 + Level 13.9 Fighting
 + Level 15.8 Long Blades
 + Level 12.4 Armour
 - Level 2.4 Dodging
 - Level 1.5 Stealth
 + Level 12.6 Shields
 * Level 16.4 Invocations


You had 10 spell levels left.
You didn't know any spells.
Your spell library was empty.

Dungeon Overview and Level Annotations

Branches:
Dungeon (1/1)

Altars:
Ashenzari
Cheibriados
Dithmenos
Elyvilon
Fedhas
Gozag
Hepliaklqana
Kikubaaqudgha
Makhleb
Nemelex Xobeh
Okawaru
Qazlal
Ru
Sif Muna
Trog
Uskayaw
Vehumet
Wu Jian
Xom
Yredelemnul
Zin
The Shining One
Beogh
Jiyva
Lugonu

Annotations:
D 1 transporter


Innate Abilities, Weirdness & Mutations

You do not regenerate when monsters are visible.


Message History

The rust devil hits you. Vuoribru gestures at you.
You feel yourself slow down.
You closely miss Fukhluih.
Fukhluih is moderately wounded.
* * * LOW HITPOINT WARNING * * *
You feel sick.
The smoke demon is no longer dazed.
The rust devil is no longer dazed.
You block the rust devil's attack.
GONNNNG!
The tormentor calls on the powers of darkness!
Your body is wracked with pain!
* * * LOW HITPOINT WARNING * * *
You block something's attack.
BOUMMMMG!
The rust devil hits you!
* * * LOW HITPOINT WARNING * * *
The rust devil corrodes you! The orange demon stings you from afar.
* * * LOW HITPOINT WARNING * * *
The reaper hits you from afar with a +4 scythe of freezing!!
You die...

▓...)))... ▓.▓.....▓.
▓....©....
▓▓▓▓▓▓▓▓▓▓▓▓▓▓▓▓▓▓▓▓▓▓
▓...8©8...▓...8©8...▓.
▓..:)[)=).▓..=)=)|..▓.
▓..2}2))..▓..})})?..▓.
▓...44&3..▓.........▓.
▓...4@{...▓....)....▓.
▓.....&4..▓.........▓.
▓.........▓..)......▓.
▓..▓...▓..▓.........▓.
▓.........▓.▓.....▓.▓.
▓....©....▓....©....▓▓
▓▓▓▓▓▓▓▓▓▓▓▓▓▓▓▓▓▓▓▓▓


You could see Fukhluih (dazed), Vuoribru, a reaper, an orange demon (summoned),
3 rust devils, a smoke demon (summoned, corona) and a tormentor (dazed, corona).

Vanquished Creatures
  An ice dragon (D)
  A dancing weapon (D)
  A sixfirhy (D)
  A skeletal warrior (D)
  An unseen horror (shapeshifter) (D)
  A shining eye (D)
  An ugly thing (D)
  5 deep elf magi (D)
  A smoke demon (D)
  A komodo dragon (shapeshifter) (D)
  2 tormentors (D)
  An ancient zyme (D)
  An ice devil (D)
  2 yaktaurs (shapeshifter) (D)
  A slime creature (D)
  A shadow (D)
  7 air elementals (D)
  A hog (shapeshifter) (D)
  A chaos spawn (D)
  A golden eye (D)
  2 fire elementals (D)
  A water moccasin (D)
  A floating eye (D)
  A phantom (D)
  An eye of draining (D)
  A wight (D)
  A crimson imp (D)
  A quasit (D)
  An orc priest (D)
  A jelly (D)
  An orc wizard (D)
  4 adders (D)
  A shadow imp (D)
  A white imp (D)
  2 ufetubi (D)
  2 orcs (D)
  6 ball pythons (D)
  2 bat skeletons (D)
  A bat zombie (D)
  A leopard gecko skeleton (D)
  A quokka skeleton (D)
65 creatures vanquished.

Vanquished Creatures (others)
  2 insubstantial wisps (D)
2 creatures vanquished.

Grand Total: 67 creatures vanquished

Notes
Turn   | Place    | Note
-------+----------+-------------------------------------------
     0 | D        | sahdkjhfkaj the Hill Orc Monk began the quest for the Orb.
     0 | D        | Reached XP level 1. HP: 19/19 MP: 1/1
     0 | D        | Found a shimmering blue altar of Sif Muna.
     0 | D        | Found a sacrificial altar of Ru.
     0 | D        | Found a bloodstained altar of Trog.
     0 | D        | Found a stormy altar of Qazlal.
     0 | D        | Found an iron altar of Okawaru.
     0 | D        | Found a sparkling altar of Nemelex Xobeh.
     0 | D        | Found a blossoming altar of Fedhas.
     1 | D        | Found the +6 Majin-Bo {vamp, MP+6 Int+6}
     1 | D        | Found the +9 heavy crossbow "Sniper" {vorpal, Acc+∞ SInv}
     1 | D        | Found the +10 dark maul {vorpal}
     1 | D        | Found the +15 Maxwell's patent armour {-Cast -Tele rElec
                  | Will+ rCorr}
     1 | D        | Found the +18 shield of the Gong {rElec rN+ Will+ EV-5}
     1 | D        | Found the cursed +14 obsidian axe {vorpal, +Fly SInv
                  | *Curse}
     1 | D        | Found the +7 great mace "Firestarter" {inner flame, rF++}
     1 | D        | Found the +6 shillelagh "Devastator" {shatter}
     1 | D        | Found the +11 plutonium sword {*Contam Stlth-}
     1 | D        | Found the +8 lance "Wyrmbane" {slay drac, rPois rF+ rC+
                  | AC+3}
     1 | D        | Found the +9 sword of Zonguldrok {reap}
     1 | D        | Found the cursed +13 scythe of Curses {drain, *Curse}
     1 | D        | Found the +0 sword of Power
     1 | D        | Found the +7 mace of Variability {chain chaos}
     1 | D        | Found the +7 Singing Sword {vorpal, sonic wave}
     1 | D        | Found the +8 storm bow {elec, penet}
     2 | D        | Found a transporter.
     2 | D        | Found an ancient bone altar of Kikubaaqudgha.
     2 | D        | Found a viscous altar of Jiyva.
     2 | D        | Found a corrupted altar of Lugonu.
     2 | D        | Found a hazy altar of Hepliaklqana.
     2 | D        | Found a burning altar of Makhleb.
     2 | D        | Found an opulent altar of Gozag.
    83 | D        | Became a worshipper of Zin the Law-Giver
    83 | D        | Reached * piety under Zin
    83 | D        | Reached ** piety under Zin
    96 | D        | Entered arena 2.
    96 | D        | Noticed a water moccasin
    96 | D        | Found a transporter.
    98 | D        | Killed a water moccasin
    99 | D        | Reached skill level 5 in Fighting
    99 | D        | Reached skill level 4 in Invocations
    99 | D        | Reached XP level 2. HP: 30/30 MP: 1/5
    99 | D        | Reached XP level 3. HP: 37/37 MP: 1/6
    99 | D        | Reached XP level 4. HP: 44/44 MP: 1/7
   315 | D        | Entered arena 3.
   315 | D        | Noticed a phantom
   315 | D        | Found a transporter.
   320 | D        | Killed a phantom
   321 | D        | Reached skill level 5 in Invocations
   321 | D        | Reached XP level 5. HP: 51/51 MP: 7/9
   326 | D        | Entered arena 4.
   326 | D        | Found a transporter.
   332 | D        | Reached skill level 6 in Invocations
   333 | D        | Reached skill level 5 in Armour
   333 | D        | Reached skill level 5 in Shields
   333 | D        | Reached XP level 6. HP: 58/58 MP: 7/10
   337 | D        | Entered arena 5.
   337 | D        | Found a transporter.
   348 | D        | Entered arena 6.
   348 | D        | Found a transporter.
   358 | D        | Entered arena 7.
   358 | D        | Noticed a yaktaur
   358 | D        | Noticed a yaktaur
   358 | D        | Noticed a red ugly thing
   358 | D        | Noticed a hog
   358 | D        | Noticed a komodo dragon
   359 | D        | Found a transporter.
   362 | D        | Killed a hog
   363 | D        | Reached skill level 7 in Invocations
   363 | D        | Reached XP level 7. HP: 61/68 MP: 10/12
   365 | D        | Killed a red ugly thing
   365 | D        | Reached *** piety under Zin
   366 | D        | Reached skill level 8 in Invocations
   366 | D        | Killed a yaktaur
   367 | D        | Reached skill level 9 in Invocations
   367 | D        | Reached XP level 8. HP: 70/78 MP: 10/14
   369 | D        | Killed a komodo dragon
   370 | D        | Killed a yaktaur
   370 | D        | Reached **** piety under Zin
   371 | D        | Reached skill level 10 in Fighting
   371 | D        | Reached skill level 10 in Invocations
   380 | D        | Killed an unseen horror
   381 | D        | Reached XP level 9. HP: 68/86 MP: 12/16
   484 | D        | Entered arena 8.
   484 | D        | Noticed a shining eye
   492 | D        | Reached skill level 11 in Invocations
   492 | D        | Found a transporter.
   497 | D        | Gained mutation: You do not regenerate when monsters are
                  | visible. [a shining eye]
   499 | D        | Killed a shining eye
   500 | D        | Reached skill level 10 in Shields
   703 | D        | Reached skill level 10 in Armour
   703 | D        | Reached XP level 10. HP: 97/97 MP: 18/18
   704 | D        | Entered arena 9.
   705 | D        | Found a transporter.
   717 | D        | Reached skill level 12 in Invocations
   866 | D        | Entered arena 10.
   866 | D        | Noticed a deep elf mage
   866 | D        | Noticed a deep elf mage
   866 | D        | Noticed a +8 battleaxe of freezing
   866 | D        | Noticed a deep elf mage
   866 | D        | Noticed a deep elf mage
   866 | D        | Noticed a deep elf mage
   867 | D        | Found a transporter.
   870 | D        | Killed a deep elf mage
   870 | D        | Killed a deep elf mage
   871 | D        | Reached skill level 13 in Invocations
   871 | D        | Reached XP level 11. HP: 104/104 MP: 20/20
   871 | D        | Killed a deep elf mage
   871 | D        | Killed a deep elf mage
   872 | D        | Killed a deep elf mage
   873 | D        | Reached skill level 15 in Long Blades
   873 | D        | Reached skill level 14 in Invocations
   874 | D        | Killed a +8 battleaxe of freezing
   969 | D        | Entered arena 11.
   970 | D        | Found a transporter.
   973 | D        | Reached skill level 15 in Invocations
  1132 | D        | Entered arena 12.
  1132 | D        | Noticed a skeletal warrior
  1132 | D        | Noticed an ice dragon
  1139 | D        | Reached ***** piety under Zin
  1141 | D        | Killed an ice dragon
  1147 | D        | Found a transporter.
  1148 | D        | Killed a skeletal warrior
  1299 | D        | Entered arena 13.
  1299 | D        | Noticed a sixfirhy
  1299 | D        | Noticed Fukhluih the pandemonium lord
  1299 | D        | Noticed Vuoribru the pandemonium lord
  1299 | D        | Noticed a reaper
  1303 | D        | Reached skill level 16 in Invocations
  1303 | D        | Found a transporter.
  1310 | D        | Was placed under penance by Zin
  1311 | D        | Killed a sixfirhy
  1317 | D        | HP: 3/162 [rust devil (7)]
  1317 | D        | Annihilated by a reaper

Illustrated notes

Levels and vault maps discovered:
D:        sprint_v [room_start, room_1, room_2, room_3, room_4, room_5, room_6,
          room_7, room_8, room_9, room_10, room_11, room_12, room_13, room_14,
          room_15, room_16, room_17, room_18, room_19, room_20, room_21,
          room_22, room_23, room_24, room_25, room_26, room_27]

Skill      XL: |  1  2  3  4  5  6  7  8  9 10 11 |
---------------+----------------------------------+-----
Fighting       | 5 6 8 9 10 11 12 13 | 13.9
Long Blades    | 6 8 9 11 13 14 15 | 15.8
Armour         | 3 4 5 6 7 9 10 12 | 12.4
Shields        | 3 4 5 6 7 9 10 12 | 12.6
Invocations    | 4 5 6 7 9 10 11 13 16 | 16.4
Dodging        | |  2.4
Stealth        | |  1.5

Action                   |  1- 3 |  4- 6 |  7- 9 | 10-12 || total
-------------------------+-------+-------+-------+-------++-------
Melee: Double sword      |     2 |    16 |    16 |    36 ||    70
Invok: Recite            |       |       |     1 |     3 ||     4
       Imprison          |       |       |     1 |       ||     1
       Sanctuary         |       |       |       |     1 ||     1
  Use: Potion            |       |     4 |     1 |     4 ||     9
 Stab: Invisible         |       |     2 |       |       ||     2
Armor: Plate armour      |       |     4 |    15 |    20 ||    39
Dodge: Dodged            |       |       |       |     3 ||     3
Block: Kite shield       |     2 |    17 |    11 |    62 ||    92
       Rpst.: Double sword |       |       |       |     1 ||     1

Table legend: (Time is in decaauts)
 A = Elapsed time spent in this place.
 B = Non-inter-level travel time spent in this place.
 C = Inter-level travel time spent in this place.
 D = Time resting spent in this place.
 E = Time spent auto-exploring this place.
 F = Levels seen in this place.
 G = Mean time per level.
                   A        B        C        D        E       F      G
               +--------+--------+--------+--------+--------+-----+--------+
         Total |   1290 |   1290 |      0 |   1033 |     21 |   1 | 1290.0 |
       Dungeon |   1290 |   1290 |      0 |   1033 |     21 |   1 | 1290.0 |
               +--------+--------+--------+--------+--------+-----+--------+

Top non-repeatable levels by time:
       D: 1290 daAuts
